 Dungeon Crawl Stone Soup version 0.24.0-123-gd5b16e6ec5 (webtiles) character file.

Game seed: 11696537091401155823, levelgen mode: deterministic

68 Curus the Poker (level 4, -7/33 HPs)
             Began as a Merfolk Gladiator on Dec 24, 2019.
             Was an Initiate of Okawaru.
             Mangled by an orc
             ... wielding a +0 trident
              (8 damage)
             ... on level 3 of the Dungeon.
             The game lasted 00:08:10 (1400 turns).

Curus the Poker (Merfolk Gladiator)                 Turns: 1400, Time: 00:08:11

Health: -7/33      AC:  4    Str: 19    XL:     4   Next: 19%
Magic:  0/4        EV: 14    Int:  7    God:    Okawaru [......]
Gold:   88         SH:  0    Dex: 16    Spells: 3/3 levels left

rFire    . . .     SeeInvis +   a - +0 trident
rCold    . . .     Gourm    .   (no shield)
rNeg     . . .     Faith    .   b - +0 leather armour
rPois    .         Spirit   +   c - +0 helmet
rElec    .         Reflect  .   h - scarf {Spirit}
rCorr    .         Harm     .   (no gloves)
MR       .....                  (no boots)
Stlth    +.........             (no amulet)
HPRegen  0.11/turn              i - ring of see invisible
MPRegen  0.09/turn              (no ring)

@: mighty
A: change form in water, swift swim, stealthy swim
a: Renounce Religion


You were on level 3 of the Dungeon.
You worshipped Okawaru.
Okawaru was noncommittal.
You were hungry.

You visited 1 branch of the dungeon, and saw 3 of its levels.

You collected 88 gold pieces.

Inventory:

Hand Weapons
 a - a +0 trident (weapon)
Missiles
 d - 3 throwing nets (quivered)
Armour
 b - a +0 leather armour (worn)
 c - a +0 helmet (worn)
 h - a scarf of spirit shield (worn)
Jewellery
 i - a ring of see invisible (left hand)
Scrolls
 e - a scroll of remove curse
 j - 3 scrolls of identify
Comestibles
 f - 4 rations


   Skills:
 - Level 2.1 Fighting
 + Level 7.2 Polearms
 - Level 2.0 Throwing
 - Level 4.0 Dodging


You had 3 spell levels left.
You didn't know any spells.
Your spell library was empty.

Dungeon Overview and Level Annotations

Branches:
Dungeon (3/15)

Altars:
Okawaru


Message History

The hobgoblin hits you but does no damage.
The orc misses you. The leopard gecko misses you.
The orc hits you from afar with a +0 trident.
* * * LOW HITPOINT WARNING * * *
You closely miss the leopard gecko.
The hobgoblin hits you but does no damage.
The orc hits you but does no damage. The leopard gecko misses you.
The orc completely misses you.
You closely miss the leopard gecko. The hobgoblin completely misses you.
The leopard gecko bites you but does no damage.
The orc closely misses you.
You miss the leopard gecko. The orc hits you but does no damage.
The leopard gecko closely misses you.
The hobgoblin hits you but does no damage.
The orc hits you but does no damage.
You impale the leopard gecko!!
You kill the leopard gecko!
Okawaru accepts your kill.
The orc hits you from afar with a +0 trident!
You die...

... #.....####### .
.......#....# ..
.....#......# ...
............###......
......#..............
...........o###......
...%......oo†@g......
......)....o###......
............# .....
.........).(# #####
............## ...##
.......####..#.....#
....... ##<.....(.
....... #........
....... .........


You could see 4 orcs and a hobgoblin.

Vanquished Creatures
  An adder (D:2)
  A leopard gecko (D:3)
  2 orcs (D:3)
  5 bats
  6 giant cockroaches
  6 goblins
  8 hobgoblins
  8 jackals
  3 frilled lizards (D:2)
  2 kobolds (D:2)
  8 rats
50 creatures vanquished.

Notes
Turn   | Place    | Note
-------+----------+-------------------------------------------
     0 | D:1      | Curus the Merfolk Gladiator began the quest for the Orb.
     0 | D:1      | Reached XP level 1. HP: 16/16 MP: 1/1
    28 | D:1      | Found an iron altar of Okawaru.
    53 | D:1      | Became a worshipper of Warmaster Okawaru
   103 | D:1      | Reached skill level 5 in Polearms
   106 | D:1      | Reached XP level 2. HP: 22/22 MP: 2/2
   416 | D:1      | Reached skill level 6 in Polearms
   416 | D:1      | Reached XP level 3. HP: 27/27 MP: 3/3
  1156 | D:2      | Reached XP level 4. HP: 29/33 MP: 4/4
  1181 | D:2      | Reached skill level 7 in Polearms
  1393 | D:3      | HP: 1/33 [orc/+0 trident (5)]
  1400 | D:3      | Mangled by an orc

Levels and vault maps discovered:
D:1:      minmay_arrival_four_circles, layout_loops_ring,
          okawaru_ov_weapons_minmay
D:2:      layout_loops_corners
D:3:      layout_rooms, chequers_ecumenical_altar_twisty

Skill      XL: |  1  2  3  4 |
---------------+-------------+-----
Polearms       | 5 6 7 |  7.2
Fighting       | |  2.1
Throwing       | |  2.0
Dodging        | |  4.0

Action                   |  1- 3 |  4- 6 || total
-------------------------+-------+-------++-------
Melee: Trident           |   111 |    32 ||   143
  Use: Potion            |     6 |     1 ||     7
       Scroll            |     5 |       ||     5
 Stab: Sleeping          |     1 |       ||     1
  Eat: Chunk             |       |     1 ||     1
Armor: Leather armour    |    18 |    17 ||    35
Dodge: Dodged            |    63 |    55 ||   118
